 Dungeon Crawl Stone Soup version 0.17-a0-1646-geb1493d (webtiles) character file.

3020 kae the Destroyer (level 9, -3/45 HPs)
             Began as a Tengu Fire Elementalist on Aug 9, 2015.
             Was a Believer of Vehumet.
             Slain by a giant frog (7 damage)
             ... on level 8 of the Dungeon.
             The game lasted 00:19:08 (12263 turns).

kae the Destroyer (Tengu Fire Elementalist)        Turns: 12263, Time: 00:19:08

Health: -3/45      AC:  3    Str:  8    XL:     9   Next: 85%
Magic:  0/18       EV: 13    Int: 18    God:    Vehumet [**....]
Gold:   380        SH:  0    Dex: 16    Spells: 6 memorised, 3 levels left

rFire  . . .     SeeInvis .     y - +1 scimitar (flame)
rCold  . . .     Clarity  .     f - +1 robe
rNeg   + . .     SustAt   .     (no shield)
rPois  .         Gourm    .     (helmet restricted)
rElec  .         Spirit   .     (no cloak)
rCorr  .         Warding  +     (no gloves)
rMut   .         Stasis   .     (boots unavailable)
MR     .....                    l - amulet of warding
Stlth  ++........               (no ring)
                                (no ring)

@: not resistant to hostile enchantments, unstealthy
A: beak, talons 3, mutation resistance 1, able to fly 1
a: Fly, Renounce Religion


You were on level 8 of the Dungeon.
You worshipped Vehumet.
Vehumet was pleased with you.
You were not hungry.

You visited 2 branches of the dungeon, and saw 9 of its levels.
You also visited: Sewer and Ossuary.

You collected 380 gold pieces.

Inventory:

Hand weapons
 i - a +0 dagger
 q - a +1 whip
 y - a +1 scimitar of flaming (weapon)
Armour
 a - a +0 robe
 f - a +1 robe (worn)
Jewellery
 h - an uncursed amulet of stasis {unknown}
 l - an amulet of warding (around neck)
 p - an uncursed ring of ice
Magical devices
 j - a wand of lightning (10)
 k - a wand of disintegration (8)
Scrolls
 n - 3 scrolls of teleportation
 o - 4 scrolls of remove curse
 s - a scroll of recharging
 v - 3 scrolls of blinking
 w - a scroll of fear
 A - 2 scrolls of enchant weapon
 B - a scroll of immolation
 F - a scroll of amnesia {unknown}
 J - a scroll of enchant armour
Potions
 d - 7 potions of curing
 e - a potion of flight
 g - 6 potions of heal wounds
 m - a potion of ambrosia {unknown}
 r - a potion of agility
 t - 2 potions of brilliance
 u - a potion of resistance
 x - a potion of haste
 z - 2 potions of mutation
 G - a potion of magic
Books
 b - a book of Flames

   Spells                             Type                      Level
   a - Flame Tongue                   Conjuration/Fire             1
   b - Throw Flame                    Conjuration/Fire             2
   c - Conjure Flame                  Conjuration/Fire             3
   d - Inner Flame                    Hexes/Fire                   3
   e - Sticky Flame                   Conjuration/Fire             4
   f - Fireball                       Conjuration/Fire             5
 I - a book of Death

   Spells                             Type                      Level
   a - Corpse Rot                     Necromancy                   2
   b - Sublimation of Blood           Necromancy                   2
   c - Agony                          Necromancy                   5
   d - Dispel Undead                  Necromancy                   5
   e - Excruciating Wounds            Charms/Necromancy            5
   f - Bolt of Draining               Conjuration/Necromancy       5
Comestibles
 c - a beef jerky
 C - 4 bread rations
 E - a meat ration
 H - 4 fruits


   Skills:
 - Level 2.1 Dodging
 - Level 2.0 Stealth
 + Level 5.5 Spellcasting
 * Level 10.9 Conjurations
 * Level 10.0 Fire Magic


You had 3 spell levels left.
You knew the following spells:

 Your Spells              Type           Power        Failure   Level  Hunger
a - Flame Tongue          Conj/Fire      #####        1%          1    None
b - Throw Flame           Conj/Fire      #####.       1%          2    #......
c - Conjure Flame         Conj/Fire      #####...     1%          3    ##.....
d - Sticky Flame          Conj/Fire      #####...     1%          4    ####...
e - Fireball              Conj/Fire      #####.....   6%          5    ######.
f - Sting                 Conj/Pois      ###.         1%          1    None


Dungeon Overview and Level Annotations

Branches:
Dungeon (8/15)             Temple (1/1) D:4
   Lair: D:8-11

Altars:
Ashenzari
Cheibriados
Dithmenos
Elyvilon
Fedhas
Gozag
Kikubaaqudgha
Nemelex Xobeh
Okawaru
Qazlal
Sif Muna
Trog
Vehumet
Xom
Zin
The Shining One

Shops:
D:6 [

Annotations:
D:4 maniek23's ghost, average MfCK


Innate Abilities, Weirdness & Mutations

You have a beak for a mouth.
You have claws for feet.
You can fly.
You are somewhat resistant to further mutation.


Message History

The giant frog closely misses you. The giant frog barely misses you.
Casting: Flame Tongue
Confirm with . or Enter, or press ? or * to list all spells.
You don't have enough magic to cast that spell.
Casting: Flame Tongue
Confirm with . or Enter, or press ? or * to list all spells.
You don't have enough magic to cast that spell.
Casting: Flame Tongue
Confirm with . or Enter, or press ? or * to list all spells.
You don't have enough magic to cast that spell.
You closely miss the giant frog. Your peck misses the giant frog.
The giant frog is heavily wounded.
The giant frog closely misses you. The giant frog hits you.
* * * LOW HITPOINT WARNING * * *
You closely miss the giant frog.
The giant frog is heavily wounded.
The giant frog hits you!
* * * LOW HITPOINT WARNING * * *
The giant frog hits you!
You die...

.<.............>............##
###.#####..####..#####.#.##.#
..........................#.#
...........†...#.#..##.#..#.#
....#.##.....#.#.......#..#.#
.##.#.##.###.#.....#)####.#.#
.##...##.# #.#.....#<# .#..
.#######†# #.##.#.#### .###
.<... ..# #.##.@.# .# ##....
..# #.###.F# # ........ ..#
#...# # ....... ..# ...... ...
... ......# #......# ........
####...#.


You could see a giant frog.

Vanquished Creatures
  A hippogriff (D:8)
  Menkaure (D:7)
  A wyvern (D:8)
  An orc warrior (D:7)
  The ghost of bohran the Digger, an average GrEE (D:3)
  Duvessa (D:7)
  A black bear (D:6)
  2 centaurs
  5 elf zombies (Ossuary)
  A giant frog (D:8)
  Dowan (D:7)
  6 killer bees (D:7)
  A scorpion (D:4)
  2 crimson imps
  3 centaur zombies (Ossuary)
  5 hounds
  4 human zombies (Ossuary)
  2 jellies
  A gnoll shaman (D:4)
  2 orc priests
  5 orc wizards
  2 giant frog skeletons
  2 worker ants
  3 mummies (Ossuary)
  12 adders
  13 gnolls
  3 river rats (Sewer)
  2 shadow imps
  2 oozes
  An adder zombie (D:8)
  3 adder skeletons
  2 worms (D:2)
  21 orcs
  7 bats
  13 giant cockroaches
  8 hobgoblins
  11 jackals
  6 kobolds
  6 quokkas
  4 ball pythons
  10 giant geckos
  A giant gecko zombie (D:5)
  13 giant newts
  8 goblins
  A jackal skeleton (D:8)
  A jackal zombie (D:5)
  A quokka zombie (D:5)
  12 rats
  A rat zombie (D:5)
216 creatures vanquished.

Notes
Turn   | Place    | Note
--------------------------------------------------------------
     0 | D:1      | kae the Tengu Fire Elementalist began the quest for the Orb.
     0 | D:1      | Reached XP level 1. HP: 10/10 MP: 4/4
   407 | D:1      | Reached XP level 2. HP: 10/15 MP: 0/6
  1240 | D:1      | Reached XP level 3. HP: 17/19 MP: 5/7
  1331 | D:2      | Reached skill level 4 in Fire Magic
  1560 | D:2      | Reached XP level 4. HP: 24/24 MP: 5/8
  1757 | D:2      | Found a bloodstained altar of Trog.
  2594 | D:3      | Noticed bohran's ghost (average GrEE)
  2888 | D:3      | Learned a level 2 spell: Throw Flame
  2892 | D:3      | Learned a level 3 spell: Conjure Flame
  3195 | D:3      | Killed bohran's ghost
  3195 | D:3      | Reached skill level 5 in Fire Magic
  3195 | D:3      | Gained mutation: You can fly. [Tengu growth]
  3195 | D:3      | Reached XP level 5. HP: 21/28 MP: 2/10
  3309 | D:3      | Found a sparkling altar of Nemelex Xobeh.
  3404 | D:4      | Noticed maniek23's ghost (average MfCK)
  3405 | D:4      | Reached XP level 6. HP: 29/32 MP: 1/11
  3552 | D:4      | Reached skill level 5 in Conjurations
  4111 | D:4      | Found a glowing drain.
  4124 | Sewer    | Entered a sewer
  4785 | Sewer    | Reached XP level 7. HP: 36/36 MP: 11/13
  4949 | D:4      | Reached skill level 6 in Fire Magic
  5410 | D:4      | Found a staircase to the Ecumenical Temple.
  5478 | D:4      | Found a shattered altar of Ashenzari.
  5487 | Temple   | Entered the Ecumenical Temple
  5807 | D:4      | Found a white marble altar of Elyvilon.
  6033 | D:4      | Learned a level 4 spell: Sticky Flame
  6235 | D:5      | Entered Level 5 of the Dungeon
  6359 | D:5      | Found a radiant altar of Vehumet.
  6360 | D:5      | Found an ancient bone altar of Kikubaaqudgha.
  6366 | D:5      | Became a worshipper of Vehumet
  6419 | D:5      | Found a sand-covered staircase.
  6440 | Ossuary  | Entered an ossuary
  6704 | Ossuary  | Reached skill level 7 in Conjurations
  6718 | Ossuary  | Reached XP level 8. HP: 19/41 MP: 2/14
  7226 | Ossuary  | Reached skill level 8 in Conjurations
  7940 | D:5      | Found an iron altar of Okawaru.
  9174 | D:6      | Acquired Vehumet's first power
  9174 | D:6      | Offered knowledge of Sandblast by Vehumet.
  9174 | D:6      | Reached skill level 9 in Conjurations
  9242 | D:6      | Found Deebufao's Armour Emporium.
  9300 | D:6      | Reached XP level 9. HP: 39/45 MP: 12/17
 10110 | D:7      | Noticed Menkaure
 10118 | D:7      | Learned a level 5 spell: Fireball
 10123 | D:7      | Gained mutation: You are somewhat resistant to further mutation. [potion of beneficial mutation]
 10134 | D:7      | Killed Menkaure
 10467 | D:7      | Noticed Duvessa
 10480 | D:7      | Killed Duvessa
 10523 | D:7      | Noticed Dowan
 10542 | D:7      | Killed Dowan
 10926 | D:7      | Reached skill level 5 in Spellcasting
 11075 | D:7      | Reached skill level 10 in Conjurations
 11472 | D:7      | Found an iron altar of Okawaru.
 11478 | D:7      | Offered knowledge of Sting by Vehumet.
 12082 | D:8      | Learned a level 1 spell: Sting
 12092 | D:8      | Found an opulent altar of Gozag.
 12258 | D:8      | Reached skill level 10 in Fire Magic
 12263 | D:8      | Slain by a giant frog

Vault maps used:
D:1:      dpeg_arrival_tiny_a
D:2:      bloody_trog
D:3:      nemelex_xobeh_ov_fountains_minmay
D:4:      lemuel_round_altar, lemuel_crystal_altar, temple_pool_a,
          portal_sewer_entry_f
D:5:      gammafunk_temple_overflow_pools, enter_ossuary_4, first_bread,
          okawaru_gym_becter
D:6:      serial_shops, nicolae_shop_crystal, grunt_decor_cap
D:7:      lemuel_round_altar, uniq_menkaure, uniq_duvessa
D:8:      lemuel_doored_altar, lemuel_round_altar, serial_shops, shop,
          trog_three_pillars_becter
Temple:   grunt_temple_mini_profane_8
Sewer:    sewer_co_cracked_pipes
Ossuary:  ossuary_minmay_four_chambers

Action                   |  1- 3 |  4- 6 |  7- 9 || total
-------------------------+-------+-------+-------++-------
Melee: Spear             |    69 |     4 |       ||    73
       Unarmed           |     3 |       |       ||     3
       Dagger            |       |    30 |       ||    30
       Whip              |       |    28 |    26 ||    54
       Scimitar          |       |       |    22 ||    22
 Cast: Flame Tongue      |    37 |   118 |   309 ||   464
       Throw Flame       |       |    17 |    43 ||    60
       Conjure Flame     |       |     2 |     7 ||     9
       Sticky Flame      |       |       |    11 ||    11
  Use: Scroll            |     1 |     7 |    14 ||    22
       Potion            |       |       |     3 ||     3
 Stab: Sleeping          |     7 |     2 |     2 ||    11
  Eat: Chunk             |     3 |     8 |    20 ||    31
       Beef jerky        |       |     2 |       ||     2
       Bread ration      |       |       |     1 ||     1
       Pizza             |       |       |     1 ||     1
